 Dungeon Crawl Stone Soup version 0.29.0-13-gc9e81de378 (webtiles) character file.

Game seed: 18362607347016374280

14 sanka the Sneak (level 2, 0/22 HPs)
             Began as a Merfolk Brigand on Sept 7, 2022.
             Was an Initiate of Ashenzari.
             Slain by an adder (3 damage)
             ... on level 2 of the Dungeon.
             The game lasted 00:01:01 (1271 turns).

sanka the Sneak (Merfolk Brigand)                   Turns: 1271, Time: 00:01:01

Health: 0/22       AC:  3    Str: 11    XL:     2   Next: 41%
Magic:  2/2        EV: 12    Int: 10    God:    Ashenzari [......]
Gold:   80         SH:  0    Dex: 15    Spells: 1/1 levels left

rFire   . . .      SeeInvis .   a - +2 dagger
rCold   . . .      Faith    .   (no shield)
rNeg    . . .      Spirit   .   b - +0 robe "I Knew You'd Do That" {Elem, Comp} (curse)
rPois   .          Reflect  .   (no helmet)
rElec   .          Harm     .   c - +0 cloak
rCorr   .          Rampage  .   (no gloves)
Will    .....                   (no boots)
Stlth   +++.......              l - amulet of magic regeneration
HPRegen 0.07/turn               (no ring)
MPRegen 0.48/turn               (no ring)

@: lethally poisoned (0 -> -9)
A: (nimble swimmer 2), mertail
a: Renounce Religion, Shatter the Chains


You were on level 2 of the Dungeon.
You worshipped Ashenzari.
Ashenzari was noncommittal.
You visited 1 branch of the dungeon, and saw 2 of its levels.

You collected 80 gold pieces.


Innate Abilities, Weirdness & Mutations

((You are very nimble when in or above water. (Stealth+, EV+, Speed+++)))
Your lower body shifts to a powerful aquatic tail in water.


   Skills:
 - Level 2.1 Fighting
 - Level 2.4 Short Blades
 - Level 2.0 Throwing
 - Level 1.3 Dodging
 - Level 4.3 Stealth
 + Level 2.2 Unarmed Combat


You had one spell level left.
You didn't know any spells.
Your spell library was empty.

Inventory:

Hand Weapons
 a - a +2 dagger (weapon)
Missiles
 d - 9 poisoned darts (quivered)
 e - 3 curare-tipped darts {=f}
Armour
 b - the cursed +0 robe "I Knew You'd Do That" (worn) {Elem, Comp}

   It has a curse which improves the following skills: Elements: Fire Magic, Ice
   Magic, Air Magic and Earth Magic.
   Companions: Summonings and Necromancy.
 c - a +0 cloak (worn)
Jewellery
 l - an amulet of magic regeneration (around neck)
Scrolls
 f - a scroll of teleportation {unknown}
 g - a scroll of identify {unknown}
 h - a scroll of fear {unknown}
 k - a scroll of enchant armour {unknown}
Potions
 i - a potion of curing {unknown}
 j - a potion of degeneration {unknown}
 m - a potion of heal wounds {unknown}

Dungeon Overview and Level Annotations

Branches:
Dungeon (2/15)

Altars:
Ashenzari

▒▒▒▒▒▒▒▒▒▒▒▒▒▒
▒.....mS......
▒.▒▒▒▒▒▒▒▒▒▒▒.
▒.▒ ▒.▒ ▒.▒
▒.▒ ▒.▒▒▒▒▒▒
▒......▒
▒▒▒▒▒▒.▒


You could see an adder.


Message History

The adder poisons you!
You barely miss the adder.
The adder is severely wounded.
You feel sick. The adder bites you.
* * * LOW HITPOINT WARNING * * *
Unknown command.
You hit the adder.
The adder is severely wounded.
You feel sick. The adder bites you.
* * * LOW HITPOINT WARNING * * *
You are lethally poisoned!
The adder poisons you!
You barely miss the adder.
The adder is severely wounded.
* * * LOW HITPOINT WARNING * * *
You feel sick. The adder bites you but does no damage.
Unknown command.
You closely miss the adder.
The adder is severely wounded.
* * * LOW HITPOINT WARNING * * *
You feel sick. The adder bites you.
* * * LOW HITPOINT WARNING * * *
You are more poisoned.
The adder poisons you! The adder bites you.
You die...

Action                   || total
-------------------------++-------
Melee: Dagger            ||    48
Invok: Curse Item        ||     1
 Stab: Sleeping          ||     4
Armor: Robe              ||     8
Dodge: Dodged            ||    33

Levels and vault maps discovered:
D:1:      saegor_arrival_fortress, layout_basic,
          shapermc_ecumenical_altar_ellora
D:2:      layout_loops_ring, serial_shops, shop_statue, uniq_terence

Notes
Turn   | Place    | Note
-------+----------+-------------------------------------------
     0 | D:1      | sanka the Merfolk Brigand began the quest for the Orb.
     0 | D:1      | Reached XP level 1. HP: 16/16 MP: 1/1
   273 | D:1      | Reached skill level 1 in Unarmed Combat
   451 | D:1      | Reached XP level 2. HP: 7/22 MP: 2/2
   836 | D:1      | Found a faded altar of an unknown god.
  1004 | D:1      | Prayed at the altar of an unknown god.
  1004 | D:1      | Became a worshipper of Ashenzari the Shackled
  1184 | D:2      | Reached skill level 2 in Unarmed Combat
  1271 | D:2      | Slain by an adder

Vanquished Creatures
  An endoplasm (D:1)
  2 hobgoblins
  A quokka (D:1)
  A ball python (D:1)
  6 bats
  2 frilled lizards (D:1)
  A goblin (D:1)
  A rat (D:2)
15 creatures vanquished.
